 Dungeon Sprint DCSS version 0.19.1 (webtiles) character file.

18505 kraedy the Bludgeoner (level 12, -25/82 HPs)
             Began as a Gargoyle Fighter on Dec 17, 2016.
             Was the Champion of the Shining One.
             Killed from afar by a purple draconian scorcher (45 damage)
             ... with a bolt of fire
             ... in the Dungeon (Sprint V: "Ziggurat Sprint").
             The game lasted 00:15:06 (771 turns).

kraedy the Bludgeoner (Gargoyle Fighter)             Turns: 771, Time: 00:15:06

Health: -25/82     AC: 41    Str: 30    XL:     12   Next: 59%
Magic:  3/23       EV:  8    Int: 12    God:    the Shining One [******]
Gold:   0          SH: 32    Dex: 15    Spells: 0 memorised, 22 levels left

rFire  . . .     SeeInvis +     J - +6 shillelagh "Devastator" {shatter}
rCold  . . .     Gourm    .     D - +15 Maxwell's patent armour {-Cast -Tele rElec MR+ rCorr}
rNeg   + + +     Faith    .     E - +18 shield of the Gong {rElec rN+ MR+ EV-5}
rPois  ∞         Spirit   .     (no helmet)
rElec  +         Reflect  .     (no cloak)
rCorr  +         Harm     .     (no gloves)
MR     ++...     NoTele   +     b - +0 pair of boots {Stlth+}
Stlth  .......... NoCast   +    c - macabre finger necklace {rN+}
                                L - +6 ring of strength
                                I - +6 ring of dexterity
                                H - ring of see invisible

@: liquid flames, glowing
A: hooves 1, clever 1, negative energy resistance 1, electricity resistance,
unbreathing, petrification resistance, rot immunity, AC +8
a: Divine Shield, Cleansing Flame, Summon Divine Warrior, Brand Weapon With Holy
Wrath, Renounce Religion


You were in the Dungeon.
You worshipped the Shining One.
The Shining One was exalted by your worship.
You were hungry.

You visited 1 branch

Inventory:

Hand Weapons
 G - the +10 morningstar "Eos" {elec, Halo rElec}
   (You took it off a merfolk in the Dungeon)

   Occasionally, upon striking a foe, it will discharge some electrical energy
   and cause terrible harm.
   It insulates you from electricity.
 J - the +6 shillelagh "Devastator" (weapon) {shatter}
   (You found it in the Dungeon)
Armour
 b - a +0 pair of boots of stealth (worn)
 D - the +15 Maxwell's patent armour (worn) {-Cast -Tele rElec MR+ rCorr}
   (You found it in the Dungeon)

   It insulates you from electricity.
   It affects your resistance to hostile enchantments.
   It prevents spellcasting.
   It prevents most forms of teleportation.
   It protects you from acid and corrosion.
 E - the +18 shield of the Gong (worn) {rElec rN+ MR+ EV-5}
   (You found it in the Dungeon)

   It affects your evasion (-5).
   It insulates you from electricity.
   It protects you from negative energy.
   It affects your resistance to hostile enchantments.
 F - a +5 crystal plate armour
Jewellery
 c - the macabre finger necklace (around neck) {rN+}
   (You found it in the Dungeon)

   [amulet of nothing]

   It protects you from negative energy.
 H - a ring of see invisible (on amulet)
 I - a +6 ring of dexterity (left hand)
 L - a +6 ring of strength (right hand)
Wands
 y - a wand of disintegration (7/24)
 A - a wand of iceblast (5/15)
 B - a wand of lightning (5/15)
 C - a wand of acid (5/15)
Scrolls
 a - a scroll of brand weapon
 k - 4 scrolls of blinking
 q - 4 scrolls of amnesia
 r - 3 scrolls of recharging
 s - 7 scrolls of fog
 t - a scroll of holy word
 u - 4 scrolls of identify
 v - 5 scrolls of remove curse
 w - 2 scrolls of fear
Potions
 d - 6 potions of might
 e - 10 potions of curing
 g - 8 potions of heal wounds
 h - 6 potions of haste
 i - 7 potions of magic
 j - 3 potions of berserk rage
 l - 2 potions of brilliance
 m - 2 potions of invisibility
 n - 4 potions of resistance
 p - 5 potions of agility
 M - a potion of flight
Miscellaneous
 o - 3 phantom mirrors
 N - a box of beasts
Comestibles
 f - 5 bread rations
 x - 42 fruits
 z - 4 meat rations
 K - 4 chunks of flesh


   Skills:
 + Level 12.4 Fighting
 + Level 16.4 Maces & Flails
 + Level 12.5 Armour
 + Level 9.5 Dodging
 + Level 12.4 Shields
 + Level 5.6 Spellcasting
 * Level 15.7 Invocations


You had 22 spell levels left.
You didn't know any spells.

Dungeon Overview and Level Annotations

Branches:
Dungeon (1/1)

Altars:
Ashenzari
Cheibriados
Dithmenos
Elyvilon
Fedhas
Gozag
Hepliaklqana
Kikubaaqudgha
Makhleb
Nemelex Xobeh
Okawaru
Qazlal
Ru
Sif Muna
Trog
Uskayaw
Vehumet
Xom
Yredelemnul
Zin
The Shining One
Beogh
Jiyva
Lugonu


Innate Abilities, Weirdness & Mutations

You are resistant to torment.
Your stone body is resilient. (AC +8)
You are immune to poison.
You resist negative energy. (rN+)
You are resistant to electric shocks. (rElec)
You can survive without breathing.
You are immune to petrification.
You are immune to rotting.
You have large cloven feet.
Your mind is acute. (Int +2)


Message History

You are covered in liquid flames!
The black draconian hits you but does no damage.
You sock the mottled draconian!
There is a shattering impact!
You kill the mottled draconian!
The purple draconian scorcher is almost dead.
You are covered in liquid flames!
* * * LOW HITPOINT WARNING * * *
You block the yellow draconian's attack.
SHROANNG!
You thump the yellow draconian!
The yellow draconian and the black draconian shudder.
The yellow draconian is moderately wounded.
The black draconian is heavily wounded.
The yellow draconian is moderately wounded.
You are covered in liquid flames!
* * * LOW HITPOINT WARNING * * *
The purple draconian scorcher casts a spell at you.
The bolt of fire hits you!
Ouch! That really hurt!
You die...

▓..)[}|.
▓..)":=:..▓..[.A)}
▓.........▓.......
▓.........▓.......
▓.........▓.......
▓...§.....▓.....).
▓.d▓...▓..▓...)...
▓d▓.....▓.▓...))..
▓@)q......▓.....).
▓▓▓▓▓▓▓▓▓▓▓▓▓▓▓▓▓▓


You could see a black draconian, a yellow draconian and a purple draconian
scorcher.

Vanquished Creatures
  2 vampire knights (D)
  A green draconian (D)
  A yellow draconian (D)
  A black draconian (D)
  A white draconian (D)
  3 mottled draconians (D)
  A purple draconian (D)
  Erolcha (D)
  4 dancing weapons (D)
  Erica (D)
  A deep elf archer (D)
  A necromancer (D)
  A wolf spider (D)
  3 deep elf magi (D)
  4 merfolk (D)
  A hippogriff (D)
  Sigmund (D)
  4 redbacks (D)
  A fire bat (D)
  A golden eye (shapeshifter) (D)
  A golden eye (D)
  A human (shapeshifter) (D)
  Edmund (D)
  2 floating eyes (D)
  A phantom (D)
  2 necrophages (D)
  3 centaurs (D)
  Blork the orc (D)
  Dowan (D)
  A scorpion (D)
  2 crimson imps (D)
  Crazy Yiuf (D)
  Jessica (D)
  2 shadow imps (D)
  A white imp (D)
  3 ufetubi (D)
  An ooze (D)
  An adder zombie (D)
  An adder skeleton (D)
  A bat skeleton (D)
  A ball python skeleton (D)
  A giant cockroach zombie (D)
  A jackal skeleton (D)
65 creatures vanquished.

Vanquished Creatures (collateral kills)
  A vampire mage (D)
  2 skeletal warriors (D)
  A necromancer (D)
  2 merfolk (D)
  Duvessa (D)
7 creatures vanquished.

Grand Total: 72 creatures vanquished

Notes
Turn   | Place    | Note
-------+----------+-------------------------------------------
     0 | D        | kraedy the Gargoyle Fighter began the quest for the Orb.
     0 | D        | Reached XP level 1. HP: 14/14 MP: 1/1
     0 | D        | Found a deep blue altar of Sif Muna.
     0 | D        | Found a bloodstained altar of Trog.
     0 | D        | Found a sacrificial altar of Ru.
     0 | D        | Found a stormy altar of Qazlal.
     0 | D        | Found an iron altar of Okawaru.
     1 | D        | Found a sparkling altar of Nemelex Xobeh.
     2 | D        | Found a blossoming altar of Fedhas.
     4 | D        | Found an ancient bone altar of Kikubaaqudgha.
     4 | D        | Found a viscous altar of Jiyva.
     4 | D        | Found a corrupted altar of Lugonu.
     4 | D        | Found a hazy altar of Hepliaklqana.
     4 | D        | Found a burning altar of Makhleb.
     4 | D        | Found an opulent altar of Gozag.
    30 | D        | Became a worshipper of the Shining One
   125 | D        | Reached skill level 7 in Maces & Flails
   125 | D        | Reached XP level 2. HP: 19/19 MP: 2/2
   131 | D        | Entered arena 1.
   131 | D        | Noticed a golden eye
   131 | D        | Noticed a human
   138 | D        | Killed a golden eye
   138 | D        | Reached skill level 11 in Maces & Flails
   138 | D        | Reached XP level 3. HP: 21/23 MP: 3/3
   138 | D        | Reached XP level 4. HP: 26/28 MP: 4/4
   138 | D        | Reached XP level 5. HP: 30/32 MP: 5/5
   140 | D        | Killed a human
   140 | D        | Reached skill level 12 in Maces & Flails
   140 | D        | Reached XP level 6. HP: 29/37 MP: 6/6
   145 | D        | Gained mutation: Your mind is acute. (Int +2) [mutagenic meat]
   146 | D        | Gained mutation: You have large cloven feet. [mutagenic meat]
   204 | D        | Entered arena 2.
   204 | D        | Noticed a merfolk
   204 | D        | Reached * piety under the Shining One
   204 | D        | Noticed a merfolk
   204 | D        | Noticed a merfolk
   209 | D        | Killed a merfolk
   209 | D        | Reached skill level 13 in Maces & Flails
   209 | D        | Reached XP level 7. HP: 44/44 MP: 6/10
   210 | D        | Killed a merfolk
   210 | D        | Reached skill level 5 in Fighting
   210 | D        | Reached skill level 5 in Armour
   210 | D        | Reached skill level 5 in Shields
   210 | D        | Reached skill level 5 in Invocations
   210 | D        | Killed a merfolk
   210 | D        | Reached XP level 8. HP: 51/51 MP: 6/12
   218 | D        | Entered arena 3.
   218 | D        | Reached ** piety under the Shining One
   220 | D        | Paralysed by a floating eye for 4 turns
   239 | D        | Entered arena 4.
   239 | D        | Reached *** piety under the Shining One
   244 | D        | Reached **** piety under the Shining One
   266 | D        | Entered arena 5.
   266 | D        | Reached ***** piety under the Shining One
   293 | D        | Entered arena 6.
   293 | D        | Reached ****** piety under the Shining One
   299 | D        | Reached XP level 9. HP: 56/57 MP: 15/15
   317 | D        | Entered arena 7.
   317 | D        | Noticed a wolf spider
   322 | D        | Reached skill level 14 in Maces & Flails
   322 | D        | Reached skill level 5 in Dodging
   328 | D        | Killed a wolf spider
   328 | D        | Reached skill level 10 in Invocations
   341 | D        | Entered arena 8.
   341 | D        | Noticed a merfolk
   341 | D        | Noticed a merfolk
   341 | D        | Noticed a merfolk
   352 | D        | Reached XP level 10. HP: 65/65 MP: 8/18
   386 | D        | Entered arena 9.
   386 | D        | Noticed a halberd of protection
   386 | D        | Noticed a long sword of flaming
   386 | D        | Noticed a deep elf archer
   386 | D        | Noticed a deep elf mage
   386 | D        | Noticed a glaive of protection
   386 | D        | Noticed a deep elf mage
   386 | D        | Noticed a glaive of venom
   386 | D        | Noticed a deep elf mage
   399 | D        | Killed a deep elf mage
   402 | D        | Killed a long sword of flaming
   408 | D        | Killed a glaive of protection
   409 | D        | Killed a glaive of venom
   409 | D        | Reached skill level 10 in Fighting
   409 | D        | Reached skill level 15 in Maces & Flails
   409 | D        | Reached skill level 10 in Armour
   409 | D        | Killed a deep elf archer
   412 | D        | Killed a halberd of protection
   412 | D        | Reached skill level 10 in Shields
   412 | D        | Reached XP level 11. HP: 45/72 MP: 1/20
   413 | D        | Killed a deep elf mage
   413 | D        | Killed a deep elf mage
   524 | D        | Entered arena 10.
   524 | D        | Noticed Sigmund
   524 | D        | Noticed Jessica
   524 | D        | Noticed Blork the orc
   524 | D        | Noticed Crazy Yiuf
   524 | D        | Noticed Dowan
   524 | D        | Noticed Duvessa
   524 | D        | Noticed Edmund
   524 | D        | Noticed Erica
   524 | D        | Noticed Erolcha
   530 | D        | Killed Jessica
   530 | D        | Killed Duvessa
   531 | D        | Killed Sigmund
   533 | D        | Killed Crazy Yiuf
   535 | D        | Killed Erolcha
   537 | D        | Killed Dowan
   541 | D        | Killed Edmund
   542 | D        | Killed Blork the orc
   546 | D        | Killed Erica
   546 | D        | Reached skill level 1 in Spellcasting
   632 | D        | Entered arena 11.
   632 | D        | Noticed a vampire knight
   632 | D        | Noticed a vampire mage
   632 | D        | Noticed a skeletal warrior
   632 | D        | Noticed a vampire knight
   635 | D        | Noticed a necromancer
   635 | D        | Noticed a skeletal warrior
   636 | D        | Noticed a necromancer
   636 | D        | Killed a vampire knight
   639 | D        | Killed a vampire mage
   640 | D        | Killed a vampire knight
   643 | D        | Killed a skeletal warrior
   647 | D        | Killed a necromancer
   651 | D        | Killed a necromancer
   652 | D        | Killed a skeletal warrior
   729 | D        | Entered arena 12.
   729 | D        | Noticed a purple draconian
   729 | D        | Noticed a green draconian
   729 | D        | Noticed a white draconian
   729 | D        | Noticed a black draconian
   729 | D        | Noticed a black draconian
   730 | D        | Noticed a yellow draconian
   730 | D        | Noticed a mottled draconian
   730 | D        | Noticed a mottled draconian
   730 | D        | Noticed a purple draconian scorcher
   731 | D        | Noticed a yellow draconian
   732 | D        | Noticed a mottled draconian
   744 | D        | Killed a yellow draconian
   744 | D        | Reached XP level 12. HP: 34/80 MP: 5/22
   745 | D        | Killed a green draconian
   745 | D        | Reached skill level 16 in Maces & Flails
   752 | D        | Killed a mottled draconian
   757 | D        | Killed a black draconian
   757 | D        | Reached skill level 15 in Invocations
   758 | D        | Killed a white draconian
   762 | D        | Killed a mottled draconian
   762 | D        | Reached skill level 5 in Spellcasting
   767 | D        | Killed a purple draconian
   770 | D        | Killed a mottled draconian
   771 | D        | Killed from afar by a purple draconian scorcher

Skill      XL: |  1  2  3  4  5  6  7  8  9 10 11 12 |
---------------+-------------------------------------+-----
Maces & Flails | 7 11 12 13 14 15 16 | 16.4
Fighting       | 4 5 7 8 10 11 12 | 12.4
Armour         | 4 5 7 8 10 11 12 | 12.5
Dodging        | 2 3 4 5 7 8 9 |  9.5
Shields        | 4 5 6 8 10 11 12 | 12.4
Invocations    | 4 6 8 10 12 14 15 | 15.7
Spellcasting   | 3 5 |  5.6

Action                   |  1- 3 |  4- 6 |  7- 9 | 10-12 || total
-------------------------+-------+-------+-------+-------++-------
Melee: Shillelagh        |     1 |     4 |    39 |    48 ||    92
       Kick              |       |     1 |     1 |       ||     2
       Morningstar       |       |       |       |    33 ||    33
Invok: Summon Divine War |       |       |     1 |     3 ||     4
       Cleansing Flame   |       |       |       |     8 ||     8
  Use: Potion            |     1 |     1 |       |     2 ||     4
       Scroll            |       |       |       |     1 ||     1
  Eat: Chunk             |       |     2 |       |     1 ||     3
Armor: Plate armour      |     2 |     3 |    16 |    44 ||    65
Dodge: Dodged            |       |       |     3 |     6 ||     9
Block: Shield            |     1 |     7 |    40 |   115 ||   163
